 Dungeon Crawl Stone Soup version 0.13-a0-2531-g2ad9301 (webtiles) character file.

2899 Kae the Conjurer (level 9, -8/45 HPs)
             Began as a Tengu Fire Elementalist on July 26, 2013.
             Was a Believer of Vehumet.
             Mangled by Pikel
             ... wielding a +1,+1 whip of electrocution
              (22 damage)
             ... on Level 7 of the Dungeon.
             The game lasted 00:25:56 (11941 turns).

Kae the Conjurer (Tengu Fire Elementalist)         Turns: 11941, Time: 00:25:56

HP  -8/45        AC 11     Str  8      XL: 9   Next: 64%
MP  16/23        EV 13     Int 19      God: Vehumet [**....]
Gold 212         SH  0     Dex 15      Spells:  7 memorised,  2 levels left

Res.Fire  : . . .   See Invis. : .   J - +2 flail (protect)
Res.Cold  : . . .   Warding    : +   a - +1 robe
Life Prot.: + . .   Conserve   : .   (no shield)
Res.Poison: .       Res.Corr.  : .   (helmet restricted)
Res.Elec. : .       Clarity    : .   (no cloak)
Sust.Abil.: . .     Spirit.Shd : .   r - +0 pair of gloves
Res.Mut.  : .       Stasis     : .   (boots unavailable)
Res.Rott. : .       Flight     : .   s - amulet of warding
Saprovore : . . .                    x - +1 ring of evasion
                                     p - +2 ring of protection

@: slightly resistant to hostile enchantments, fairly stealthy
A: able to fly, beak, talons 3
a: Fly, Renounce Religion


You were on level 7 of the Dungeon.
You worshipped Vehumet.
Vehumet was most pleased with you.
You were near starving.

You visited 2 branches of the dungeon, and saw 9 of its levels.

You collected 240 gold pieces.
You spent 48 gold pieces at shops.

Inventory:

Hand weapons
 i - a +3,+0 elven short sword
 I - a +0,+2 whip of flaming
 J - a +2,+2 flail of protection (weapon)
Armour
 a - a +1 robe (worn)
 r - a +0 pair of gloves (worn)
Magical devices
 A - a wand of fire (5)
Comestibles
 c - 7 bread rations
 v - a choko
Scrolls
 d - a scroll of magic mapping
 e - 2 scrolls of amnesia
 g - 3 scrolls of remove curse
 k - a scroll of enchant weapon II
 l - a scroll of immolation {unknown}
 q - a scroll of fear
 y - a scroll of fog
Jewellery
 m - an uncursed ring of sustain abilities {unknown}
 o - an uncursed ring of invisibility
 p - a +2 ring of protection (left hand)
 s - an amulet of warding (around neck)
 x - a +1 ring of evasion (right hand)
 C - an uncursed ring of magical power {unknown}
 H - an uncursed amulet of faith
Potions
 f - 4 potions of slowing
 h - 2 potions of might
 j - 2 potions of restore abilities
 n - 3 potions of curing
 t - a potion of decay {unknown}
 u - a potion of confusion {unknown}
 w - a potion of magic {unknown}
 z - 3 potions of berserk rage {unknown}
 B - a potion of brilliance {unknown}
 F - 3 potions of mutation
 K - a potion of flight {unknown}
Books
 b - a book of Flames

   Spells                             Type                      Level
   *Flame Tongue                      Conjuration/Fire             1
   *Throw Flame                       Conjuration/Fire             2
   *Conjure Flame                     Conjuration/Fire             3
   Inner Flame                        Hexes/Fire                   3
   *Sticky Flame                      Conjuration/Fire             4
   *Fireball                          Conjuration/Fire             5


   Skills:
 - Level 2.1 Dodging
 - Level 2.0 Stealth
 + Level 5.8 Spellcasting
 + Level 10.6 Conjurations
 * Level 9.1 Fire Magic


You had 2 spell levels left.
You knew the following spells:

 Your Spells              Type           Power        Failure   Level  Hunger
a - Flame Tongue          Conj/Fire      #####        1%          1    None
b - Throw Flame           Conj/Fire      #####.       1%          2    None
c - Conjure Flame         Conj/Fire      #####...     1%          3    ##.....
d - Sticky Flame          Conj/Fire      #####...     1%          4    ####...
e - Fireball              Conj/Fire      #####.....   8%          5    #####..
f - Sting                 Conj/Pois      ####         1%          1    None
g - Shock                 Conj/Air       ####         1%          1    None


Dungeon Overview and Level Annotations

Branches:
Dungeon (8/27)             Temple (1/1) D:5             Orc (0/4) D:7
   Lair: D:8-13

Altars:
Ashenzari
Cheibriados
Elyvilon
Fedhas
Kikubaaqudgha
Makhleb
Nemelex Xobeh
Okawaru
Sif Muna
Trog
Vehumet
Xom
Yredelemnul
the Shining One
Beogh

Shops:
D:4: % D:5: ([ D:8: [

Annotations
D:7 Pikel


Innate Abilities, Weirdness & Mutations

You can fly.
You have a beak for a mouth.
You have claws for feet.


Message History

Aiming: Conjure Flame
Press: ? - help, Dir - move target cursor The fire roars!
Casting: Conjure Flame
Confirm with . or Enter, or press ? or * to list all spells.
Aiming: Conjure Flame
Press: ? - help, Dir - move target cursor The fire roars!
Pikel is engulfed in roaring flames.
Pikel waves his whip at you.
Pikel is engulfed in roaring flames.
Pikel drinks a potion.
Pikel is healed!
Casting: Conjure Flame
Confirm with . or Enter, or press ? or * to list all spells.
Aiming: Flame Tongue
Press: ? - help, Shift-Dir - straight line, f - Pikel
Aim: Pikel, wielding a whip of electrocution and wearing a robe (flame, moderately wounded)
You miscast Flame Tongue.
You smell something strange.
Pikel is engulfed in roaring flames.
Pikel hits you with a whip of electrocution!
You are electrocuted!
You die...

#............#.##.#.#
#......#.#.#.#....#.#
#######......#.#.#.######.#
).......#....#.#.#.# #.#
.....##.#.#..#§#.#.# #.#
......#.#.#..#.#.#.######.#
...<..#)#.#.##.#.#.#....#.#
###.#.#.#...##.#.#.#.##.#.#
......#.###.##.#@#K#.##.#.#
#...#.#.# #.##.#K#.#.##.#.#
#...#.#.# #.##.#§#.#.##.#.#
#...#.#.# #.##.......##.#.#
#...###.# #......#.####.#.#
#.......# #.######......#.#
[######.###.#############.##
.....>)....................#
.####.#.####################


You could see Pikel.

Vanquished Creatures
  The ghost of mathso the Carver, an average HEFi (D:4)
  An ice beast (D:8)
  A slave (D:8)
  An orc warrior (D:8)
  2 phantoms
  3 ogres
  2 giant frogs
  A gnoll sergeant (D:8)
  A manticore skeleton (D:8)
  A gnoll shaman (D:4)
  A giant frog skeleton (D:8)
  5 hounds
  7 crimson imps
  An iguana (D:7)
  A two-headed ogre skeleton (D:8)
  6 orc priests
  2 worker ants
  5 orc wizards
  Jessica (D:2)
  4 jellies
  A hound zombie (D:8)
  A worker ant zombie (D:5)
  9 adders
  18 gnolls
  A giant mite (D:7)
  2 worms
  An adder skeleton (D:4)
  6 giant eyeballs
  An ooze (D:5)
  30 orcs
  13 bats
  7 giant cockroaches
  19 hobgoblins
  9 jackals
  14 kobolds
  6 quokkas
  A sheep (D:2)
  3 giant geckos
  A giant gecko skeleton (D:6)
  A giant mite zombie (D:7)
  A giant newt (D:1)
  2 giant spores
  24 goblins
  2 hobgoblin skeletons
  2 kobold skeletons
  16 rats
  3 ballistomycetes
  A fungus (D:1)
242 creatures vanquished.

Notes
Turn   | Place    | Note
--------------------------------------------------------------
     0 | D:1      | Kae, the Tengu Fire Elementalist, began the quest for the Orb.
     0 | D:1      | Reached XP level 1. HP: 10/10 MP: 3/3
   551 | D:1      | Reached XP level 2. HP: 15/15 MP: 3/5
  1325 | D:1      | Reached XP level 3. HP: 16/19 MP: 1/7
  1943 | D:2      | Learned a level 2 spell: Throw Flame
  2105 | D:2      | Found a shimmering altar of Xom.
  2209 | D:2      | Reached XP level 4. HP: 18/24 MP: 5/8
  2210 | D:2      | Reached skill level 4 in Fire Magic
  2320 | D:2      | Found a glowing golden altar of the Shining One.
  2321 | D:2      | Noticed Jessica
  2332 | D:2      | Killed Jessica
  3130 | D:2      | Reached XP level 5. HP: 28/28 MP: 8/11
  3251 | D:2      | Learned a level 3 spell: Conjure Flame
  3423 | D:3      | Reached skill level 5 in Conjurations
  3963 | D:3      | Reached XP level 6. HP: 22/32 MP: 13/13
  5213 | D:4      | Reached skill level 6 in Conjurations
  5579 | D:4      | Noticed mathso's ghost (average HEFi)
  5593 | D:4      | Killed mathso's ghost
  5593 | D:4      | Reached skill level 5 in Fire Magic
  5593 | D:4      | Reached XP level 7. HP: 22/36 MP: 7/17
  5737 | D:4      | Reached skill level 7 in Conjurations
  5833 | D:4      | Found Eschotih's Food Boutique.
  5846 | D:4      | Bought a pear for 8 gold pieces
  5846 | D:4      | Bought a bread ration for 40 gold pieces
  6844 | D:4      | Reached skill level 8 in Conjurations
  6844 | D:4      | Reached XP level 8. HP: 13/41 MP: 3/19
  7186 | D:5      | Entered Level 5 of the Dungeon
  7469 | D:5      | Found a snail-covered altar of Cheibriados.
  7512 | D:5      | Found an iron altar of Okawaru.
  7739 | D:5      | Found Dops' Weapon Emporium.
  7740 | D:5      | Found Asiadae's Armour Emporium.
  8304 | D:5      | Found a staircase to the Ecumenical Temple.
  8371 | Temple   | Entered the Ecumenical Temple
  8404 | Temple   | Became a worshipper of Vehumet
  9187 | D:6      | Found an iron altar of Okawaru.
  9286 | D:6      | Reached skill level 9 in Conjurations
  9875 | D:7      | Found a staircase to the Orcish Mines.
 10093 | D:7      | Found a roughly hewn altar of Beogh.
 10114 | D:7      | Acquired Vehumet's first power
 10114 | D:7      | Offered knowledge of Sting by Vehumet.
 10120 | D:7      | Learned a level 4 spell: Sticky Flame
 10126 | D:7      | Learned a level 5 spell: Fireball
 10128 | D:7      | Learned a level 1 spell: Sting
 10158 | D:7      | Reached skill level 5 in Spellcasting
 10158 | D:7      | Reached XP level 9. HP: 45/45 MP: 20/22
 10729 | D:7      | Reached skill level 10 in Conjurations
 11271 | D:8      | Offered knowledge of Shock by Vehumet.
 11369 | D:7      | Learned a level 1 spell: Shock
 11610 | D:8      | Found Yhaelarr's Armour Shop.
 11795 | D:8      | Noticed Pikel
 11829 | D:7      | Paralysed by a giant eyeball for 3 turns
 11941 | D:7      | Mangled by Pikel

Action                   |  1- 3 |  4- 6 |  7- 9 || total
-------------------------+-------+-------+-------++-------
Melee: Unarmed           |     2 |       |       ||     2
       Short sword       |    29 |    17 |     6 ||    52
       Flail             |       |       |   200 ||   200
 Cast: Flame Tongue      |    53 |   153 |   285 ||   491
       Throw Flame       |       |     2 |    19 ||    21
       Conjure Flame     |       |     2 |    13 ||    15
       Sticky Flame      |       |       |     2 ||     2
 Abil: Evoke Invisibilit |       |       |     1 ||     1
       Fly               |       |       |     2 ||     2
Evoke: Wand              |       |       |     1 ||     1
  Use: Potion            |     1 |     2 |     1 ||     4
       Scroll            |       |     1 |    18 ||    19
 Stab: Sleeping          |       |       |     3 ||     3
       Distracted        |       |       |     1 ||     1
